 Dungeon Crawl Stone Soup version 0.28-a0-938-gbc3f381ebc (webtiles) character file.

Game seed: 9277829904589223247

91 ytrimaz the Grave Robber (level 4, 0/30 HPs)
             Began as a Demonspawn Necromancer on Nov 28, 2021.
             Killed from afar by Ijyb (13 damage)
             ... with an iceblast
             ... on level 2 of the Dungeon.
             The game lasted 00:03:49 (3287 turns).

ytrimaz the Grave Robber (Demonspawn Necromancer)   Turns: 3287, Time: 00:03:50

Health: 0/30       AC:  4    Str:  8    XL:     4   Next: 33%
Magic:  3/9        EV: 12    Int: 18    God:
Gold:   73         SH:  0    Dex: 13    Spells: 5/9 levels left

rFire   . . .      SeeInvis .   (no weapon)
rCold   . . .      Faith    .   (no shield)
rNeg    . . .      Spirit   .   a - +0 robe
rPois   .          Reflect  .   (no helmet)
rElec   .          Harm     .   f - +0 cloak
rCorr   .          Rampage  .   e - +0 pair of gloves
Will    .....                   (no boots)
Stlth   ++........              (no amulet)
HPRegen 0.10/turn               (no ring)
MPRegen 0.11/turn               (no ring)

@: no status effects
A: powered by death 1
a: no special abilities


You were on level 2 of the Dungeon.
You visited 1 branch of the dungeon, and saw 3 of its levels.

You collected 129 gold pieces.
You spent 56 gold pieces at shops.

Inventory:

Armour
 a - a +0 robe (worn)
 e - a +0 pair of gloves (worn)
 f - a +0 cloak (worn)
Wands
 i - a wand of flame (21)
Scrolls
 b - 2 scrolls of holy word
 h - a scroll of teleportation
Potions
 g - a potion of lignification


   Skills:
 + Level 2.1 Dodging
 - Level 1.7 Stealth
 + Level 3.3 Spellcasting
 + Level 5.2 Necromancy


You had 5 spell levels left.
You knew the following spells:

 Your Spells              Type           Power      Damage    Failure   Level
a - Pain                  Necr           88%        1d8       1%          1
b - Vampiric Draining     Necr           22%        2d7       5%          3

Your spell library contained the following spells:

 Spells                   Type           Power      Damage    Failure   Level
 Animate Skeleton         Necr           44%        N/A       1%          1
 Animate Dead             Necr           11%        N/A       19%         4
 Blink                    Tloc           6%         N/A       24%         2
 Lesser Beckoning         Tloc           3%         N/A       43%         3
 Agony                    Necr           22%        N/A       45%         5
 Manifold Assault         Tloc           3%         N/A       99%         5


Dungeon Overview and Level Annotations

Branches:
Dungeon (3/15)

Altars:

Shops:
D:2 **!!

Annotations:
D:2 Ijyb


Innate Abilities, Weirdness & Mutations

You regenerate a little health from kills.


Message History

There is an open door here.
Key pressed, stopping explore.
Found a stone staircase leading up.
Done exploring.
Done exploring.
Done exploring.
There is a stone staircase leading down here.
You climb downwards.
Found 18 stones.
There is a stone staircase leading up here.
The orc shouts!
The orc writhes in agony.
The orc shouts!
You hear a shout!
Ijyb the Twisted Goblin comes into view.
She is wielding a +0 dagger and carrying a wand of iceblast (5).
The orc completely misses you.
The orc writhes in agony.
You kill the orc!
The orc writhes in agony!
You kill the orc!
Ijyb writhes in agony.
Casting: Pain (safe; 1% risk of failure)
Confirm with . or Enter, or press ? or * to list all spells.
Aiming: Vampiric Draining (dangerous; 5% risk of failure)
Press: ? - help, Shift-Dir - straight line, f/p - Ijyb
Aim: Ijyb, wielding a +0 dagger, wearing a +0 leather armour and carrying a wand of iceblast (5) (lightly wounded)
You draw life force from Ijyb!
Ijyb hits you with a +0 dagger.
A kobold comes into view. It is wielding a +0 club.
Unknown command.
Casting: Vampiric Draining (dangerous; 5% risk of failure)
Confirm with . or Enter, or press ? or * to list all spells.
You don't have enough magic to cast this spell.
Unknown command.
HP restored.
Ijyb hits you with a +0 dagger.
You climb upwards.
There is a stone staircase leading down here.
Ijyb screams, "No!
No, no, no, no!"
Ijyb zaps a wand.
The mass of ice explodes!
The iceblast engulfs you!
Ouch! That really hurt!
Ijyb zaps a wand.
The mass of ice explodes!
The iceblast engulfs you!
You die...

#.# #######.....#..≈≈≈..######
#.# #....##..##.#8.....#......
#.# #.##.##..##.##############
#.# #.##.....##.##.##.####....
#.# #.#####..##.##.##.##......
#.#####.# ##.##.##.##.##......
##.......######.##.##.##.##......
...................##'##.##......
####.....#######@##..............
.....#....# ##.##....[.........
####.#.#<.## #..>#..............
.#...#.....# #.g##..............
.#...+.....# #....#..##'####+###
.....#.....####+##...###.# #.###
######.....##.....######'####.#..
.......#+####...).# #.......#..
.......+..........# #.......###


You could see Ijyb.

Vanquished Creatures
  3 adders (D:2)
  2 orcs (D:3)
  3 endoplasms
  12 giant cockroaches
  2 goblins
  5 hobgoblins
  2 jackals (D:2)
  4 kobolds
  3 quokkas
  6 ball pythons
  5 bats
  2 frilled lizards
  8 rats
57 creatures vanquished.

Notes
Turn   | Place    | Note
-------+----------+-------------------------------------------
     0 | D:1      | ytrimaz the Demonspawn Necromancer began the quest for the
                  | Orb.
     0 | D:1      | Reached XP level 1. HP: 13/13 MP: 3/3
   454 | D:1      | Found a faded altar of an unknown god.
   836 | D:1      | Gained mutation: You regenerate a little health from kills.
                  | [demonic ancestry]
   836 | D:1      | Reached XP level 2. HP: 16/19 MP: 1/5
  1386 | D:1      | Reached skill level 5 in Necromancy
  1828 | D:2      | Found Dumiuru's Distillery.
  1840 | D:2      | Bought a potion of degeneration for 14 gold pieces
  1840 | D:2      | Bought a potion of lignification for 42 gold pieces
  1897 | D:2      | Reached XP level 3. HP: 21/24 MP: 2/6
  2279 | D:2      | Found Uchaesme's General Store.
  2289 | D:2      | Learned a level 3 spell: Vampiric Draining
  2660 | D:2      | Found Zoxzoc's Assorted Antiques.
  2720 | D:2      | Found Ykkedgh's Distillery.
  2801 | D:2      | Reached XP level 4. HP: 30/30 MP: 6/8
  3279 | D:3      | Noticed Ijyb
  3287 | D:2      | Killed from afar by Ijyb

Illustrated notes

Levels and vault maps discovered:
D:1:      lemuel_arrival_room, layout_loops_ring,
          shapermc_ecumenical_altar_petra
D:2:      minmay_roachtagon, layout_basic, serial_shops,
          nicolae_shop_waterfront, nicolae_square_shop, nicolae_lakefront_shop,
          nicolae_shop_stone
D:3:      layout_rooms, nicolae_wu_jian_glorious_leap, xom_redecorated,
          amcnicky_altar_gilded, chequers_serial_rivers_micro_b, uniq_ijyb

Skill      XL: |  1  2  3 |
---------------+----------+-----
Dodging        | 2 |  2.1
Necromancy     | 5 |  5.2
Spellcasting   | 3 |  3.3
Stealth        | |  1.7

Action                   |  1- 3 |  4- 6 || total
-------------------------+-------+-------++-------
Melee: Unarmed           |       |    94 ||    94
 Cast: Pain              |    78 |    13 ||    91
       Vampiric Draining |       |     3 ||     3
  Use: Scroll            |     5 |     1 ||     6
       Potion            |       |     1 ||     1
Armor: Robe              |     4 |    36 ||    40
Dodge: Dodged            |    12 |    61 ||    73

Table legend: (Time is in decaauts)
 A = Elapsed time spent in this place.
 B = Non-inter-level travel time spent in this place.
 C = Inter-level travel time spent in this place.
 D = Time resting spent in this place.
 E = Time spent auto-exploring this place.
 F = Levels seen in this place.
 G = Mean time per level.
                   A        B        C        D        E       F      G
               +--------+--------+--------+--------+--------+-----+--------+
         Total |   3287 |   3219 |     68 |    658 |   2120 |   3 | 1095.7 |
       Dungeon |   3287 |   3219 |     68 |    658 |   2120 |   3 | 1095.7 |
               +--------+--------+--------+--------+--------+-----+--------+

Top non-repeatable levels by time:
     D:1: 1828 daAuts
     D:2: 1452 daAuts
     D:3: 6 daAuts
